 Dungeon Crawl Stone Soup version 0.22-a0-612-gd2f0174 (webtiles) character file.

446 Gildeon the Covert (level 6, -3/30 HPs)
             Began as a Spriggan Assassin on July 11, 2018.
             Was a Follower of Dithmenos.
             Slain by an ogre
             ... wielding a +0 giant club
              (24 damage)
             ... on level 5 of the Dungeon.
             The game lasted 00:20:40 (4316 turns).

Gildeon the Covert (Spriggan Assassin)              Turns: 4316, Time: 00:20:41

Health: -3/30      AC:  3    Str:  9    XL:     6   Next: 73%
Magic:  7/7        EV: 21    Int: 12    God:    Dithmenos [*.....]
Gold:   213        SH:  0    Dex: 18    Spells: 5/5 levels left

rFire    . . .     SeeInvis +   b - +0 blowgun
rCold    . . .     Gourm    .   (shield restricted)
rNeg     . . .     Faith    .   c - +0 robe
rPois    .         Spirit   .   (helmet restricted)
rElec    .         Reflect  .   d - +0 cloak
rCorr    .         Harm     .   (gloves unavailable)
MR       +....                  (boots unavailable)
Stlth    +++++.....             (no amulet)
HPRegen  0.10/turn              (no ring)
MPRegen  0.10/turn              (no ring)

@: wreathed by umbra, very quick
A: very small, unfitting armour, see invisible, herbivore, speed 3, slow
metabolism 2
a: Renounce Religion


You were on level 5 of the Dungeon.
You worshipped Dithmenos.
Dithmenos was aware of your devotion.
You were not hungry.

You visited 1 branch of the dungeon, and saw 5 of its levels.

You collected 213 gold pieces.

Inventory:

Hand Weapons
 a - a +4 dagger
 b - a +0 blowgun (weapon)
Missiles
 f - 3 curare-tipped needles (quivered)
Armour
 c - a +0 robe (worn)
 d - a +0 cloak (worn)
 o - a scarf of repulsion
Wands
 s - a wand of paralysis (15)
 t - a wand of scattershot (5)
Scrolls
 l - a scroll of teleportation
 p - 2 scrolls of amnesia
 q - a scroll of blinking
 r - a scroll of enchant armour {unknown}
Potions
 h - 2 potions of curing
 i - a potion of cancellation {unknown}
 j - a potion of brilliance
 k - a potion of agility {unknown}
 m - 3 potions of resistance {unknown}
 n - a potion of lignification {unknown}
Comestibles
 g - 5 rations


   Skills:
 - Level 1.5 Fighting
 + Level 4.9 Short Blades
 + Level 2.8 Throwing
 - Level 5.1 Dodging
 + Level 8.6 Stealth


You had 5 spell levels left.
You didn't know any spells.
Your spell library was empty.

Dungeon Overview and Level Annotations

Branches:
Dungeon (5/15)
 Temple: D:4-7

Altars:
Dithmenos
Xom

Annotations:
D:2 exclusion: downstairs
D:3 Natasha, Sigmund
D:4 exclusions: adder and scorpion


Innate Abilities, Weirdness & Mutations

You are very small and have problems with some larger weapons.
You are too small for most types of armour.
You have supernaturally acute eyesight. (SInv)
You are a herbivore.
You cover ground extremely quickly.
You need to consume almost no food.


Message History

The water moccasin zombie barely misses you.
You see here 2 poisoned needles.
Firing (i - inventory. (/) - cycle)
e - 2 poisoned needles (quivered)
Press: ? - help, Shift-Dir - straight line, f/p - ogre
Aim: an ogre, wielding a giant club (heavily wounded, poisoned)
You shoot a poisoned needle.
The poisoned needle closely misses the water moccasin zombie.
The poisoned needle hits the ogre!
The ogre looks as sick as possible!
The ogre is heavily wounded.
The water moccasin zombie completely misses you.
Firing (i - inventory. (/) - cycle)
e - a poisoned needle (quivered)
Press: ? - help, Shift-Dir - straight line, f/p - ogre
Aim: an ogre, wielding a giant club (severely wounded, poisoned)
You shoot a poisoned needle.
The poisoned needle closely misses the ogre.
There is a stone staircase leading up here.
The water moccasin zombie barely misses you.
The ogre hits you with a giant club!!
Ouch! That really hurt!
You die...

...#
....o####
....#..#
....o.##
........
########.)..#
#...(.(...#
#.Z.......#
#@O.......#
#.....(...#
#....(....#
#....(....#
#.........#
###########


You could see an ogre and a water moccasin zombie.

Vanquished Creatures
  An ogre (D:4)
  A crimson imp (D:4)
  2 hounds (D:4)
  3 orc wizards (D:4)
  An iguana (D:4)
  2 worker ants (D:4)
  2 adders
  A worm (D:3)
  4 dart slugs
  3 leopard geckos
  8 orcs
  9 bats
  3 giant cockroaches
  6 goblins
  5 hobgoblins
  6 jackals
  4 frilled lizards
  A jackal skeleton (D:4)
  6 kobolds
  7 rats
75 creatures vanquished.

Notes
Turn   | Place    | Note
-------+----------+-------------------------------------------
     0 | D:1      | Gildeon the Spriggan Assassin began the quest for the Orb.
     0 | D:1      | Reached XP level 1. HP: 10/10 MP: 2/2
   112 | D:1      | Reached skill level 6 in Stealth
   237 | D:1      | Reached XP level 2. HP: 14/14 MP: 3/3
  1171 | D:1      | Reached XP level 3. HP: 18/18 MP: 4/4
  2251 | D:3      | Noticed Sigmund
  2252 | D:3      | Noticed Natasha
  2491 | D:3      | Found a shadowy altar of Dithmenos.
  2497 | D:3      | Became a worshipper of Dithmenos the Shadowed
  2524 | D:3      | Reached XP level 4. HP: 19/22 MP: 5/5
  2966 | D:4      | Reached skill level 7 in Stealth
  3062 | D:4      | Reached XP level 5. HP: 5/25 MP: 6/6
  3480 | D:4      | Noticed an ogre
  3504 | D:4      | Killed an ogre
  3504 | D:4      | Reached skill level 5 in Dodging
  3522 | D:4      | Reached skill level 8 in Stealth
  3522 | D:4      | Reached XP level 6. HP: 30/30 MP: 7/7
  3815 | D:4      | Reached * piety under Dithmenos
  4100 | D:4      | Found a shimmering altar of Xom.
  4262 | D:5      | Entered Level 5 of the Dungeon
  4316 | D:5      | Slain by an ogre

Vault maps used:
D:1:      arrival_zaba_pyramid, grunt_decor_cap, minmay_domino_2
D:2:      first_ration, corexii_item_surrounded_by_moat
D:3:      minmay_overflow_temple_star_quad, grunt_dithmenos_smoke_and_mirrors,
          uniq_natasha, uniq_sigmund
D:4:      led_xom_imps, serial_bayou_lake_a
D:5:      temple_green, serial_shops, shop

Skill      XL: |  1  2  3  4  5 |
---------------+----------------+-----
Dodging        | 2 3 4 5 |  5.1
Stealth        | 6 7 8 |  8.6
Short Blades   | 3 4 |  4.9
Fighting       | |  1.5
Throwing       | |  2.8

Action                   |  1- 3 |  4- 6 || total
-------------------------+-------+-------++-------
Melee: Dagger            |   120 |   106 ||   226
 Fire: Blowgun           |    16 |    39 ||    55
  Use: Scroll            |     9 |     1 ||    10
 Stab: Sleeping          |    18 |     5 ||    23
       Distracted        |       |     2 ||     2
  Eat: Ration            |       |     1 ||     1
Armor: Robe              |    24 |     4 ||    28
Dodge: Dodged            |    95 |    61 ||   156

Table legend:
 A = Spawn XP
 B = Non-spawn XP
 C = Spawn XP percentage of total XP
 D = Spawn monster count
 E = Non-spawn monster count
 F = Spawn count percentage of total count
 G = Total turns spent on level
                    A         B        C        D         E        F      G
               +---------+---------+-------+---------+---------+-------+---------
         Total |       0 |     638 |   0.0 |       0 |      75 |   0.0 |  4316
               +---------+---------+-------+---------+---------+-------+---------
           D:1 |       0 |      41 |   0.0 |       0 |      24 |   0.0 |  1367
           D:2 |       0 |      29 |   0.0 |       0 |      14 |   0.0 |   945
           D:3 |       0 |      45 |   0.0 |       0 |      16 |   0.0 |   617
           D:4 |       0 |     523 |   0.0 |       0 |      21 |   0.0 |  1333
               +---------+---------+-------+---------+---------+-------+---------
